 Dungeon Crawl Stone Soup version 0.25-a0-294-gea9b1ad378 (webtiles) character file.

Game seed: 1885490920957900313, levelgen mode: deterministic

61077 vurker the Protected (level 15, -3/117 HPs)
             Began as a Gnoll Wanderer on Dec 19, 2019.
             Was a High Priest of Cheibriados.
             Slain by a two-headed ogre
             ... wielding a +0 giant club
              (11 damage)
             ... on level 2 of the Orcish Mines.
             The game lasted 00:44:06 (27164 turns).

vurker the Protected (Gnoll Wanderer)              Turns: 27164, Time: 00:44:07

Health: -3/117     AC: 16    Str: 33    XL:     15   Next: 1%
Magic:  4/28       EV: 19    Int: 36    God:    Cheibriados [*****.]
Gold:   1404       SH:  8    Dex: 24    Spells: 22/33 levels left

rFire    + + .     SeeInvis .   Q - +9 falchion "Huwutz" {flame, +Inv MR+ Int+5 Dex-4}
rCold    . . .     Gourm    .   P - +0 buckler
rNeg     . . .     Faith    .   y - +0 fire dragon scales
rPois    .         Spirit   .   c - +1 helmet
rElec    .         Reflect  .   h - +0 cloak
rCorr    .         Harm     .   (no gloves)
MR       ++...                  (no boots)
Stlth    +++.......             (no amulet)
HPRegen  0.29/turn              g - ring of wizardry
MPRegen  0.21/turn              j - ring of protection from cold

@: about to teleport, very slow
A: distributed training, fangs 1, strong nose
a: Bend Time, Temporal Distortion, Slouch, Step From Time, Renounce Religion,
Evoke Invisibility


You were on level 2 of the Orcish Mines.
You worshipped Cheibriados.
Cheibriados was extremely pleased with you.
You were not hungry.

You visited 4 branches of the dungeon, and saw 21 of its levels.

You collected 1593 gold pieces.
You spent 189 gold pieces at shops.

Inventory:

Hand Weapons
 u - the +7 flail "Nestroyng" {crush, Stlth+, unknown}
   (You found it on level 6 of the Lair of Beasts)

   It inflicts extra damage upon your enemies.
   It makes you more stealthy.
 Q - the +9 falchion "Huwutz" (weapon) {flame, +Inv MR+ Int+5 Dex-4}
   (You found it on level 10 of the Dungeon)

   It has been specially enchanted to burn those struck by it, causing extra
   injury to most foes and up to half again as much damage against particularly
   susceptible opponents.
   Big, fiery blades are also staple armaments of hydra-hunters.
   It affects your intelligence (+5).
   It affects your dexterity (-4).
   It affects your resistance to hostile enchantments.
   It lets you turn invisible.
Armour
 c - a +1 helmet (worn)
   (You found it on level 4 of the Dungeon)
 h - a +0 cloak (worn)
   (You found it on level 1 of the Dungeon)
 y - +0 fire dragon scales (worn)
   (You found it on level 6 of the Lair of Beasts)
 B - a +0 plate armour of poison resistance
   (You took it off an orc warrior on level 2 of the Orcish Mines)
 P - a +0 buckler (worn)
   (You took it off a gnoll sergeant on level 7 of the Dungeon)
Jewellery
 g - a ring of wizardry (left hand)
   (You found it on level 3 of the Dungeon)
 j - a ring of protection from cold (right hand)
   (You found it on level 5 of the Lair of Beasts)
 M - an uncursed ring of ice
   (You found it on level 10 of the Dungeon)
Wands
 d - a wand of iceblast (8)
   (You found it on level 12 of the Dungeon)
 k - a wand of enslavement (5)
   (You found it on level 6 of the Dungeon)
 t - a wand of flame (13)
   (You took it off a goblin on level 6 of the Dungeon)
 v - a wand of digging (15)
   (You took it off Grinder on level 6 of the Dungeon)
 x - a wand of acid (9)
   (You found it on level 2 of the Lair of Beasts)
 N - a wand of polymorph (7)
   (You found it on level 9 of the Dungeon)
Scrolls
 b - 3 scrolls of enchant armour
 f - 5 scrolls of fog
 i - 2 scrolls of enchant weapon
 m - 3 scrolls of magic mapping
 o - 6 scrolls of teleportation
 p - 7 scrolls of identify
 z - 3 scrolls of immolation
 E - a scroll of silence
 G - a scroll of summoning
 H - 5 scrolls of amnesia
 I - 5 scrolls of remove curse
 K - 3 scrolls of fear
Potions
 a - 2 potions of brilliance
 l - 2 potions of resistance
 q - 5 potions of flight
 r - 4 potions of mutation
 s - 4 potions of might
 w - 2 potions of cancellation
 A - a potion of ambrosia
 D - 2 potions of curing
 F - 2 potions of agility
Miscellaneous
 L - a phial of floods
   (You found it on level 9 of the Dungeon)
 O - a box of beasts
Comestibles
 e - 42 rations


   Skills:
 + Level 10.5 Fighting
 + Level 9.5 Short Blades
 + Level 9.5 Long Blades
 + Level 9.5 Axes
 + Level 10.5 Maces & Flails
 + Level 9.5 Polearms
 + Level 9.5 Staves
 + Level 9.5 Slings
 + Level 9.5 Bows
 + Level 9.5 Crossbows
 + Level 9.9 Throwing
 + Level 12.4 Armour
 + Level 9.5 Dodging
 + Level 9.8 Stealth
 + Level 9.5 Shields
 + Level 9.5 Unarmed Combat
 + Level 9.5 Spellcasting
 + Level 8.0 Conjurations
 + Level 8.0 Hexes
 + Level 8.0 Charms
 + Level 8.0 Summonings
 + Level 8.0 Necromancy
 + Level 8.0 Translocations
 + Level 8.0 Transmutations
 + Level 8.0 Fire Magic
 + Level 8.0 Ice Magic
 + Level 8.0 Air Magic
 + Level 8.0 Earth Magic
 + Level 8.0 Poison Magic
 + Level 10.3 Invocations
 + Level 9.5 Evocations


You had 22 spell levels left.
You knew the following spells:

 Your Spells              Type           Power        Failure   Level  Hunger
c - Summon Lightning Spi  Summ/Air       ######..     1%          4    None
w - Blink                 Tloc           N/A          1%          2    None
z - Borgnjor's Vile Clut  Necr/Erth      ######....   1%          5    ##.....

Your spell library contained the following spells:

 Spells                   Type           Power        Failure   Level  Hunger
 Apportation              Tloc           ######       1%          1    None
 Confusing Touch          Hex            ######       1%          1    None
 Magic Dart               Conj           ####         1%          1    None
 Summon Butterflies       Summ           ######..     1%          1    None
 Summon Small Mammal      Summ           ####         1%          1    None
 Call Imp                 Summ           ######..     1%          2    None
 Searing Ray              Conj           ######       1%          2    None
 Slow                     Hex            ######..     1%          2    None
 Call Canine Familiar     Summ           ######..     1%          3    None
 Confuse                  Hex            ######..     1%          3    None
 Conjure Flame            Conj/Fire      ######..     1%          3    None
 Dazzling Flash           Conj/Hex       ######       1%          3    None
 Gell's Gravitas          Tloc           ######....   1%          3    None
 Lesser Beckoning         Tloc           ######....   1%          3    None
 Mephitic Cloud           Conj/Pois/Air  ######..     1%          3    None
 Recall                   Summ/Tloc      N/A          1%          3    None
 Summon Guardian Golem    Hex/Summ       ######..     1%          3    None
 Tukima's Dance           Hex            ######..     1%          3    None
 Animate Dead             Necr           N/A          1%          4    None
 Fulminant Prism          Conj/Hex       ######....   1%          4    None
 Iskenderun's Mystic Bla  Conj/Tloc      ######..     1%          4    None
 Petrify                  Tmut/Erth      ######..     1%          4    None
 Summon Ice Beast         Ice/Summ       ######..     1%          4    None
 Alistair's Intoxication  Tmut/Pois      ######..     1%          5    ##.....
 Metabolic Englaciation   Hex/Ice        ######....   1%          5    ##.....
 Yara's Violent Unravell  Hex/Tmut       ######....   1%          5    ##.....
 Death Channel            Necr           ######....   11%         6    #####..
 Invisibility             Hex            ######..     11%         6    #####..
 Simulacrum               Ice/Necr       ######....   11%         6    #####..


Dungeon Overview and Level Annotations

Branches:
Dungeon (12/15)            Temple (1/1) D:6            Lair (6/6) D:8
  Swamp (0/4) Lair:3       Spider (0/4) Lair:2        Slime (0/5) Lair:6
    Orc (2/2) D:12            Elf (0/3) Orc:2

Altars:
Ashenzari
Cheibriados
Dithmenos
Elyvilon
Fedhas
Gozag
Hepliaklqana
Kikubaaqudgha
Makhleb
Nemelex Xobeh
Okawaru
Qazlal
Ru
Sif Muna
Trog
Uskayaw
Vehumet
Wu Jian
Xom
Yredelemnul
Zin
The Shining One
Beogh
Jiyva

Shops:
D:3 *   D:4 =(![(   D:7 }*   D:9 (

Annotations:
D:5 4 runed translucent doors
D:9 2 transporters, grouchysmurf's ghost, novice MfSk


Innate Abilities, Weirdness & Mutations

Your experience applies equally to all skills.
You have very sharp teeth.
Your uncanny sense of smell can sniff out nearby items.


Message History

Cheibriados appreciates the change of pace.
Your Conjurations skill increases to level 8!
Your Hexes skill increases to level 8!
Your Charms skill increases to level 8!
Your Summonings skill increases to level 8!
Your Necromancy skill increases to level 8!
Your Translocations skill increases to level 8!
Your Transmutations skill increases to level 8!
Your Fire Magic skill increases to level 8!
Your Ice Magic skill increases to level 8!
Your Air Magic skill increases to level 8!
Your Earth Magic skill increases to level 8!
Your Poison Magic skill increases to level 8!
The zombie hands constrict the two-headed ogre.
The zombie hands constrict the two-headed ogre!
The two-headed ogre hits your lightning spire with a +0 dire flail.
The two-headed ogre hits your lightning spire with a +0 giant club.
Your lightning spire shoots out a bolt of lightning at the two-headed ogre!
The bolt of electricity hits the two-headed ogre! x2
The two-headed ogre dies!
Cheibriados thoroughly appreciates the change of pace.
You have reached level 15!
Your experience leads to an increase in your attributes!
Your base attributes are Str 19, Int 16, Dex 14.
Increase (S)trength, (I)ntelligence, or (D)exterity?
You feel clever.
The bolt of electricity hits your lightning spire.
Your lightning spire completely resists.
The two-headed ogre escapes!
The two-headed ogre hits you with a +0 giant club.
* * * LOW HITPOINT WARNING * * *
The two-headed ogre hits you with a +0 giant spiked club!
* * * LOW HITPOINT WARNING * * *
The ogre mage gestures wildly while chanting.
The ogre mage flickers and vanishes!
Deactivating autopickup; reactivate with Ctrl-A.
A two-headed ogre comes into view.
It is wielding a +0 giant spiked club and a +0 giant club.
The two-headed ogre struggles to escape constriction. x2
An ogre comes into view. It is wielding a +0 giant club.
As you read the scroll of teleportation, it crumbles to dust.
You feel strangely unstable.
The zombie hands constrict the two-headed ogre! x2
An ogre mage comes into view. It is wielding a +0 spear.
The two-headed ogre barely misses you.
The two-headed ogre hits you with a +0 giant club!
* * * LOW HITPOINT WARNING * * *
The two-headed ogre hits you with a +0 giant club.
* * * LOW HITPOINT WARNING * * *
The two-headed ogre hits you with a +0 giant spiked club!
You die... ........ .....#.. #..OOO ........ #...)) .....#.. #...OO .... ).....# #.O.O ..... #.....# #.O{O ....... ........ #OOO

##....#.. ........
..###OO###........ .......#
.....)O@..........
........##.....8....#......
.........########...#......
..........# ##.........
..........###### ##........
............##.###....#.#..
................#......#.
.........##.##...#........
........#######..........#


You could see 7 two-headed ogres, an ogre mage, 7 ogres and a friendly lightning
spire.

Vanquished Creatures
  Rupert (D:12)
  An orc warlord (Orc:1)
  Nessos (Lair:4)
  An ogre mage (Orc:2)
  5 hydras
  2 two-headed ogres
  2 death yaks (Lair:6)
  An orc high priest (Orc:2)
  Nergalle (D:11)
  An unseen horror (D:11)
  An orc knight (Orc:2)
  3 lindwurms
  Maurice (D:8)
  A centaur zombie (D:11)
  2 black mambas
  4 elephants
  6 torpor snails (Lair:6)
  4 rime drakes
  5 komodo dragons
  11 spiny frogs
  A troll (D:11)
  4 hornets
  2 tyrant leeches (Lair:6)
  Grinder (D:6)
  12 polar bears
  19 blink frogs
  A raiju (Lair:6)
  3 dream sheep (Lair:5)
  6 hippogriffs
  A redback (Lair:2)
  A spriggan (Lair:2)
  A wraith (D:11)
  43 yaks
  2 wyverns
  3 basilisks
  A human (D:10)
  6 wargs
  A soldier ant (D:11)
  10 water moccasins
  17 hell hounds
  A swamp drake (Lair:3)
  14 porcupines
  6 ice beasts
  4 sky beasts
  An eye of draining (D:12)
  13 orc warriors
  8 black bears (Lair:6)
  14 ogres
  22 wolves
  5 centaurs
  20 crocodiles
  A gnoll sergeant (D:7)
  15 bullfrogs
  4 scorpions
  28 killer bees
  An electric eel (Lair:5)
  13 jellies
  6 howler monkeys
  9 crimson imps
  6 hounds
  4 bullfrog zombies
  17 orc wizards
  7 orc priests
  A centaur skeleton (D:11)
  4 bullfrog skeletons
  7 iguanas
  9 worker ants
  A killer bee zombie (D:9)
  A hound zombie (D:6)
  A hound skeleton (D:4)
  4 gnolls (D:7)
  14 adders
  4 shadow imps
  2 oozes
  An adder skeleton (D:4)
  2 adder zombies
  2 worms
  3 dart slugs
  5 leopard geckos
  59 orcs
  5 giant cockroaches
  9 goblins
  5 hobgoblins (D:1)
  7 jackals
  4 quokkas
  3 ball pythons
  9 bats
  2 frilled lizards
  9 kobolds
  A quokka skeleton (D:4)
  A rat (D:3)
  A fungus (D:1)
  A plant (Lair:6)
585 creatures vanquished.

Vanquished Creatures (collateral kills)
  A fire dragon (Lair:6)
  A two-headed ogre (Orc:2)
  A polar bear (Lair:6)
  2 tyrant leeches (Lair:6)
  A troll (D:11)
  5 hornets (Lair:6)
  2 blink frogs (Lair:6)
  A dream sheep (Lair:5)
  A hell hound (Lair:6)
  3 black bears (Lair:6)
  3 ogres (Orc:2)
  A wolf (Lair:5)
22 creatures vanquished.

Vanquished Creatures (others)
  2 yaks (Lair:3)
  2 orc wizards
  A centaur skeleton (D:10)
  2 orcs (Orc:2)
  2 fungi (Lair:1)
  10 plants (Lair:6)
19 creatures vanquished.

Grand Total: 626 creatures vanquished

Notes
Turn   | Place    | Note
-------+----------+-------------------------------------------
     0 | D:1      | vurker the Gnoll Wanderer began the quest for the Orb.
     0 | D:1      | vurker set off with the following items: a +2 mace, a
                  | potion of lignification, a potion of curing, a +0 robe, a
                  | ration
     0 | D:1      | Reached XP level 1. HP: 20/20 MP: 1/1
   272 | D:1      | Reached XP level 2. HP: 26/26 MP: 2/2
  1085 | D:2      | Reached XP level 3. HP: 29/31 MP: 3/3
  1210 | D:2      | Reached skill level 1 in Invocations
  1646 | D:2      | Reached skill level 1 in Short Blades
  1646 | D:2      | Reached skill level 1 in Long Blades
  1646 | D:2      | Reached skill level 1 in Axes
  1646 | D:2      | Reached skill level 1 in Polearms
  1646 | D:2      | Reached skill level 1 in Staves
  1646 | D:2      | Reached skill level 1 in Slings
  1646 | D:2      | Reached skill level 1 in Bows
  1646 | D:2      | Reached skill level 1 in Crossbows
  1646 | D:2      | Reached skill level 1 in Dodging
  1646 | D:2      | Reached skill level 1 in Shields
  1646 | D:2      | Reached skill level 1 in Unarmed Combat
  1646 | D:2      | Reached skill level 1 in Spellcasting
  1646 | D:2      | Reached skill level 1 in Evocations
  1646 | D:2      | Reached XP level 4. HP: 37/38 MP: 5/5
  1736 | D:2      | Found a bloodstained altar of Trog.
  1736 | D:2      | Found a radiant altar of Vehumet.
  1762 | D:2      | Reached skill level 1 in Conjurations
  1762 | D:2      | Reached skill level 1 in Hexes
  1762 | D:2      | Reached skill level 1 in Charms
  1762 | D:2      | Reached skill level 1 in Summonings
  1762 | D:2      | Reached skill level 1 in Necromancy
  1762 | D:2      | Reached skill level 1 in Translocations
  1762 | D:2      | Reached skill level 1 in Transmutations
  1762 | D:2      | Reached skill level 1 in Fire Magic
  1762 | D:2      | Reached skill level 1 in Ice Magic
  1762 | D:2      | Reached skill level 1 in Air Magic
  1762 | D:2      | Reached skill level 1 in Earth Magic
  1762 | D:2      | Reached skill level 1 in Poison Magic
  2336 | D:3      | Reached XP level 5. HP: 43/43 MP: 6/6
  2448 | D:3      | Found a stormy altar of Qazlal.
  2470 | D:3      | Found Zin's Purification Station.
  2472 | D:3      | Found a glowing silver altar of Zin.
  3115 | D:4      | Reached XP level 6. HP: 46/50 MP: 8/8
  3402 | D:4      | Reached skill level 5 in Fighting
  3402 | D:4      | Reached skill level 5 in Maces & Flails
  3450 | D:4      | Found Boduat's Jewellery Boutique.
  3494 | D:4      | Found Ecsel's Distillery.
  3499 | D:4      | Found Kueb's Weapon Boutique.
  3641 | D:4      | Found Jaturgh's Armour Shoppe.
  3723 | D:4      | Reached XP level 7. HP: 43/56 MP: 10/10
  4005 | D:4      | Found Visso's Antique Weapon Emporium.
  4155 | D:5      | Entered Level 5 of the Dungeon
  4661 | D:5      | Found an iron altar of Okawaru.
  4721 | D:5      | Found a large runed translucent door.
  4725 | D:5      | Found a large runed translucent door.
  4729 | D:5      | Found a large runed translucent door.
  4729 | D:5      | Found a large runed translucent door.
  5046 | D:5      | Reached skill level 9 in Armour
  5152 | D:5      | Reached XP level 8. HP: 29/63 MP: 12/12
  6372 | D:6      | Found a staircase to the Ecumenical Temple.
  6390 | D:6      | Noticed Grinder
  6397 | D:6      | Killed Grinder
  6423 | D:6      | Found a radiant altar of Vehumet.
  6453 | Temple   | Entered the Ecumenical Temple
  6990 | D:7      | Found Joreikk's Gadget Shoppe.
  6991 | D:7      | Found a hide-covered altar of Uskayaw.
  6998 | D:7      | Reached XP level 9. HP: 51/69 MP: 14/14
  7586 | D:6      | Found a staircase to the Ecumenical Temple.
  8020 | D:7      | Found Iguotued's Assorted Antiques.
  8039 | D:7      | Bought a scroll labeled NUWUYW TOIKIS for 24 gold pieces
  8039 | D:7      | Bought a sedimented blue potion for 21 gold pieces
  8039 | D:7      | Bought a scroll labeled RIULAA ZAMPIRA for 24 gold pieces
  8039 | D:7      | Bought a scroll of identify for 48 gold pieces
  8039 | D:7      | Bought a potion of curing for 72 gold pieces
  8074 | D:7      | Found a basalt altar of Yredelemnul.
  8184 | D:7      | Reached skill level 5 in Throwing
  8500 | D:7      | Found a glowing golden altar of the Shining One.
  8505 | D:7      | Reached skill level 5 in Stealth
  8746 | D:8      | Found a snail-covered altar of Cheibriados.
  8755 | D:8      | Became a worshipper of Cheibriados the Contemplative
  8778 | D:8      | Noticed Maurice
  8791 | D:8      | Paralysed by something for 6 turns
  8826 | D:8      | Killed Maurice
  8826 | D:8      | Reached skill level 5 in Invocations
  8854 | D:8      | Reached XP level 10. HP: 74/77 MP: 17/17
  9445 | D:8      | Found a blossoming altar of Fedhas.
  9455 | D:8      | Reached skill level 5 in Short Blades
  9455 | D:8      | Reached skill level 5 in Long Blades
  9455 | D:8      | Reached skill level 5 in Axes
  9455 | D:8      | Reached skill level 5 in Polearms
  9455 | D:8      | Reached skill level 5 in Staves
  9455 | D:8      | Reached skill level 5 in Slings
  9455 | D:8      | Reached skill level 5 in Bows
  9455 | D:8      | Reached skill level 5 in Crossbows
  9455 | D:8      | Reached skill level 5 in Dodging
  9455 | D:8      | Reached skill level 5 in Shields
  9455 | D:8      | Reached skill level 5 in Unarmed Combat
  9455 | D:8      | Reached skill level 5 in Spellcasting
  9455 | D:8      | Reached skill level 5 in Evocations
  9489 | D:8      | Reached * piety under Cheibriados
  9679 | D:8      | Found a staircase to the Lair.
  9798 | D:9      | Found a burning altar of Makhleb.
  9844 | D:9      | Found Exzuenyl's Antique Weapon Shop.
  9952 | D:9      | Noticed a fire dragon
  9963 | D:9      | Found a transporter.
  9965 | D:9      | Noticed grouchysmurf's ghost (novice MfSk)
  9966 | D:9      | Found a transporter.
 10030 | D:9      | Noticed a two-headed ogre
 10039 | D:9      | Killed a two-headed ogre
 10039 | D:9      | Reached skill level 10 in Armour
 10832 | D:10     | Entered Level 10 of the Dungeon
 10955 | D:10     | Reached ** piety under Cheibriados
 11910 | D:10     | Reached *** piety under Cheibriados
 12086 | D:10     | Reached XP level 11. HP: 78/84 MP: 19/19
 12113 | D:10     | Got a warped falchion
 12114 | D:10     | Identified the +9 falchion "Huwutz" {flame, +Inv MR+ Int+5
                  | Dex-4} (You found it on level 10 of the Dungeon)
 12875 | D:11     | Reached skill level 5 in Conjurations
 12875 | D:11     | Reached skill level 5 in Hexes
 12875 | D:11     | Reached skill level 5 in Charms
 12875 | D:11     | Reached skill level 5 in Summonings
 12875 | D:11     | Reached skill level 5 in Necromancy
 12875 | D:11     | Reached skill level 5 in Translocations
 12875 | D:11     | Reached skill level 5 in Transmutations
 12875 | D:11     | Reached skill level 5 in Fire Magic
 12875 | D:11     | Reached skill level 5 in Ice Magic
 12875 | D:11     | Reached skill level 5 in Air Magic
 12875 | D:11     | Reached skill level 5 in Earth Magic
 12875 | D:11     | Reached skill level 5 in Poison Magic
 13061 | D:11     | Noticed Nergalle
 13075 | D:11     | Killed Nergalle
 13299 | D:11     | Reached **** piety under Cheibriados
 13723 | D:11     | Killed an unseen horror
 13937 | Lair:1   | Entered Level 1 of the Lair of Beasts
 13945 | Lair:1   | Reached ***** piety under Cheibriados
 14241 | Lair:1   | Noticed a seven-headed hydra
 14247 | Lair:1   | Killed a four-headed hydra
 14409 | Lair:1   | Reached XP level 12. HP: 87/93 MP: 22/22
 15179 | Lair:1   | Reached skill level 11 in Armour
 16223 | Lair:2   | Noticed a five-headed hydra
 16231 | Lair:2   | Killed a one-headed hydra
 16251 | Lair:2   | HP: 1/94 [crocodile (7)]
 16792 | Lair:2   | Found a hole to the Spider Nest.
 17687 | Lair:3   | Found a staircase to the Swamp.
 17810 | Lair:3   | Reached XP level 13. HP: 71/101 MP: 24/24
 17862 | Lair:3   | Reached ****** piety under Cheibriados
 18857 | Lair:4   | Noticed Nessos
 18889 | Lair:4   | Killed Nessos
 20118 | Lair:4   | Learned a level 4 spell: Summon Lightning Spire
 21028 | Lair:5   | You fall into a shaft and drop 1 floor!
 21028 | Lair:6   | Entered Level 6 of the Lair of Beasts
 21238 | Lair:6   | Found a staircase to the Slime Pits.
 21766 | Lair:6   | Reached XP level 14. HP: 91/109 MP: 26/26
 22028 | Lair:6   | Found a runed translucent door.
 22090 | Lair:6   | Reached skill level 10 in Fighting
 22090 | Lair:6   | Reached skill level 10 in Maces & Flails
 22090 | Lair:6   | Reached skill level 12 in Armour
 22414 | Lair:6   | Paralysed by a hornet for 3 turns
 23759 | Lair:6   | Got a warped flail
 23820 | Lair:6   | Reached skill level 10 in Invocations
 24989 | D:12     | Found a staircase to the Orcish Mines.
 25407 | D:12     | Learned a level 5 spell: Borgnjor's Vile Clutch
 25446 | D:12     | Noticed Rupert
 25459 | D:12     | HP: 4/111 [Rupert/+4 great mace of crushing (3)]
 25461 | D:12     | Killed Rupert
 25924 | Orc:1    | Entered Level 1 of the Orcish Mines
 26160 | Orc:2    | Entered Level 2 of the Orcish Mines
 26160 | Orc:2    | Found a roughly hewn altar of Beogh.
 26162 | Orc:2    | Found a staircase to the Elven Halls.
 26223 | Orc:2    | Learned a level 2 spell: Blink
 26717 | Orc:1    | Noticed an orc warlord
 26734 | Orc:1    | Killed an orc warlord
 27163 | Orc:2    | Reached XP level 15. HP: 38/117 MP: 4/28
 27164 | Orc:2    | Slain by a two-headed ogre

Levels and vault maps discovered:
D:1:      dpeg_cavernosity, layout_loops_ring, serial_glass, glass_columns_a,
          glass_columns_c
D:2:      layout_basic, chequers_temple_overflow_statue_of_worship
D:3:      layout_basic, zin_purify, nicolae_qazlal_general_emergency,
          first_ration, minmay_misc_feat_more_columns
D:4:      layout_loops_ring, serial_shops, nicolae_shop_crystal, shop_fountains,
          shop, shop, kennysheep_mini_moat, minmay_large_rounded_square,
          chequers_serial_rivers_micro_c, chequers_arboretum, minmay_cupped
D:5:      layout_loops_corners, okawaru_gym_becter, serial_bayou,
          serial_bayou_lake_a, serial_bayou_pond_b, serial_bayou_shore_b,
          serial_bayou_ford_a, minmay_hollow_rounded_squares
D:6:      layout_basic, temple_pool_b, nicolae_benzene_ring,
          vehumet_altar_wand_db, uniq_grinder
D:7:      layout_basic, tso_metal_star, yredelemnul_altar_generic,
          overflow_temple_1_default, serial_shops,
          nicolae_shop_overgrown_old_shop, shop_statue
D:8:      layout_loops_ring, old_standard_altar, fedhas_altar_fruit_tree,
          lair_entry_dummy, uniq_maurice
D:9:      layout_long_grid, kennysheep_mini, gammafunk_ghost_arena,
          serial_shops, shop
D:10:     wad_crossroads, layout_basic, hangedman_stone_soup
D:11:     layout_rooms, dk_vineyard_2, uniq_nergalle
D:12:     layout_small_grid, orc_0_dummy, uniq_rupert
Temple:   pf_slimified_temple
Lair:1:   layout_cave_pods, enter_volcano_3, st_stairs_9,
          minmay_shattered_shrine, lemuel_fruit_tree
Lair:2:   layout_cave_pods, spider_nest_entry_rubble,
          grunt_forest_large_clearing_hut
Lair:3:   layout_roguey, minmay_swamp_entry_reptiles, serial_rivers,
          chequers_serial_rivers_small_b, chequers_serial_rivers_small_b,
          chequers_serial_rivers_small_a, chequers_serial_rivers_micro_c,
          chequers_serial_rivers_micro_d, chequers_serial_rivers_marsh,
          grunt_megastairs_4
Lair:4:   layout_misc_corridors, st_stairs_12, serial_bayou_shore_a, uniq_nessos
Lair:5:   layout_gridlike, infiniplex_staircase_pool, grunt_megastairs_3
Lair:6:   hangedman_lair_caniforms_friends, layout_misc_corridors, wormcave,
          minmay_slime_entry_jelly_boxes
Orc:1:    layout_caves
Orc:2:    st_orc_ogre_mass, layout_caves, basic_altar, serial_shops,
          bzr_firewalk

Skill      XL: |  1  2  3  4  5  6  7  8  9 10 11 12 13 14 |
---------------+-------------------------------------------+-----
Invocations    | 1 2 3 4 5 6 7 8 9 10 | 10.3
Short Blades   | 1 2 3 4 5 6 7 8 9 |  9.5
Long Blades    | 1 2 3 4 5 6 7 8 9 |  9.5
Axes           | 1 2 3 4 5 6 7 8 9 |  9.5
Polearms       | 1 2 3 4 5 6 7 8 9 |  9.5
Staves         | 1 2 3 4 5 6 7 8 9 |  9.5
Slings         | 1 2 3 4 5 6 7 8 9 |  9.5
Bows           | 1 2 3 4 5 6 7 8 9 |  9.5
Crossbows      | 1 2 3 4 5 6 7 8 9 |  9.5
Dodging        | 1 2 3 4 5 6 7 8 9 |  9.5
Shields        | 1 2 3 4 5 6 7 8 9 |  9.5
Unarmed Combat | 1 2 3 4 5 6 7 8 9 |  9.5
Spellcasting   | 1 2 3 4 5 6 7 8 9 |  9.5
Evocations     | 1 2 3 4 5 6 7 8 9 |  9.5
Conjurations   | 1 2 3 4 5 6 7 8 |  8.0
Hexes          | 1 2 3 4 5 6 7 8 |  8.0
Charms         | 1 2 3 4 5 6 7 8 |  8.0
Summonings     | 1 2 3 4 5 6 7 8 |  8.0
Necromancy     | 1 2 3 4 5 6 7 8 |  8.0
Translocations | 1 2 3 4 5 6 7 8 |  8.0
Transmutations | 1 2 3 4 5 6 7 8 |  8.0
Fire Magic     | 1 2 3 4 5 6 7 8 |  8.0
Ice Magic      | 1 2 3 4 5 6 7 8 |  8.0
Air Magic      | 1 2 3 4 5 6 7 8 |  8.0
Earth Magic    | 1 2 3 4 5 6 7 8 |  8.0
Poison Magic   | 1 2 3 4 5 6 7 8 |  8.0
Throwing       | 3 4 5 6 7 8 9 |  9.9
Stealth        | 3 4 5 6 7 8 9 |  9.8
Fighting       | 5 6 7 8 9 10 | 10.5
Maces & Flails | 5 6 7 8 9 10 | 10.5
Armour         | 9 10 11 12 | 12.4

Action                   |  1- 3 |  4- 6 |  7- 9 | 10-12 | 13-15 || total
-------------------------+-------+-------+-------+-------+-------++-------
Melee: Mace              |   100 |       |       |       |       ||   100
       Bite              |    10 |    13 |    36 |   128 |   178 ||   365
       Short sword       |    15 |    88 |       |       |       ||   103
       Whip              |       |    69 |   128 |       |       ||   197
       Punch             |       |       |     1 |     1 |       ||     2
       Great mace        |       |       |   230 |   210 |       ||   440
       Falchion          |       |       |       |   395 |   636 ||  1031
 Cast: Summon Lightning  |       |       |       |       |    13 ||    13
       Borgnjor's Vile C |       |       |       |       |    21 ||    21
Invok: Slouch            |       |       |       |       |    13 ||    13
Evoke: Wand              |       |       |     4 |    14 |     2 ||    20
  Use: Potion            |     2 |       |     4 |     3 |     6 ||    15
       Scroll            |       |       |    15 |     8 |     4 ||    27
 Stab: Confused          |       |       |       |     4 |       ||     4
       Distracted        |       |       |       |       |     5 ||     5
       Sleeping          |       |       |       |       |     4 ||     4
  Eat: Chunk             |     2 |     7 |    10 |    15 |    17 ||    51
       Ration            |       |       |     2 |       |     1 ||     3
Armor: Ring mail         |     4 |       |       |       |       ||     4
       Robe              |     1 |       |       |       |       ||     1
       Plate armour      |    73 |   106 |   373 |   407 |   279 ||  1238
       Skin              |    36 |       |       |       |       ||    36
       Fire dragon scale |       |       |       |       |    22 ||    22
Dodge: Dodged            |    57 |    50 |   203 |   405 |   533 ||  1248
Block: Buckler           |       |       |       |   135 |   317 ||   452
       Rpst.: Falchion   |       |       |       |    64 |   141 ||   205

Table legend:
 A = Non-vault XP
 B = Vault XP
 C = Vault XP percentage of total XP
 D = Non-vault monster count
 E = Vault monster count
 F = Vault count percentage of total count
                 A         B        C        D         E       F
            +---------+---------+-------+---------+---------+-------
      Total |   54679 |   32574 |  37.3 |     453 |     152 |  25.1
            +---------+---------+-------+---------+---------+-------
        D:1 |      22 |       8 |  26.7 |      13 |       4 |  23.5
        D:2 |     129 |       0 |   0.0 |      16 |       0 |   0.0
        D:3 |     101 |       0 |   0.0 |      20 |       0 |   0.0
        D:4 |     442 |       2 |   0.5 |      23 |       1 |   4.2
        D:5 |     328 |     394 |  54.6 |      10 |       8 |  44.4
        D:6 |     878 |     279 |  24.1 |      27 |       2 |   6.9
        D:7 |    1313 |       0 |   0.0 |      26 |       0 |   0.0
        D:8 |    1411 |     496 |  26.0 |      21 |       1 |   4.5
        D:9 |    1360 |       0 |   0.0 |      12 |       0 |   0.0
       D:10 |    3291 |     419 |  11.3 |      45 |       7 |  13.5
       D:11 |    3591 |     796 |  18.1 |      39 |       1 |   2.5
       D:12 |    2533 |    2882 |  53.2 |      23 |       1 |   4.2
     Lair:1 |    6010 |    3850 |  39.0 |      21 |      13 |  38.2
     Lair:2 |    4291 |    1093 |  20.3 |      21 |       4 |  16.0
     Lair:3 |    6265 |    1233 |  16.4 |      27 |       9 |  25.0
     Lair:4 |    4632 |    1700 |  26.8 |      21 |       2 |   8.7
     Lair:5 |    4474 |     467 |   9.5 |      21 |       3 |  12.5
     Lair:6 |    8671 |   15980 |  64.8 |      33 |      87 |  72.5
      Orc:1 |    2436 |       0 |   0.0 |      13 |       0 |   0.0
      Orc:2 |    2501 |    2975 |  54.3 |      21 |       9 |  30.0
            +---------+---------+-------+---------+---------+-------
